 Dungeon Crawl Stone Soup version 0.17-a0-1663-gb806841 (webtiles) character file.

142 Kelyas the Magician (level 5, -4/28 HPs)
             Began as a Deep Elf Wizard on Aug 16, 2015.
             Slain by an orc priest
             ... wielding a +0 flail
              (6 damage)
             ... on level 3 of the Dungeon.
             The game lasted 00:16:03 (2827 turns).

Kelyas the Magician (Deep Elf Wizard)               Turns: 2827, Time: 00:16:03

Health: -4/28      AC: 10    Str:  5    XL:     5   Next: 3%
Magic:  0/14       EV: 13    Int: 23    God:
Gold:   103        SH:  0    Dex: 13    Spells: 6 memorised, 2 levels left

rFire  . . .     SeeInvis .     u - +3 quarterstaff (chaos)
rCold  . . .     Clarity  .     a - +0 robe
rNeg   . . .     SustAt   .     (no shield)
rPois  .         Gourm    .     b - +0 hat
rElec  .         Spirit   .     f - +1 cloak
rCorr  .         Warding  .     o - +2 pair of gloves
rMut   .         Stasis   .     (no boots)
MR     .....                    (no amulet)
Stlth  ++........               (no ring)
                                l - +3 ring of protection

@: not resistant to hostile enchantments, unstealthy
A: no striking features
a: no special abilities


You were on level 3 of the Dungeon.
You were not hungry.

You visited 1 branch of the dungeon, and saw 3 of its levels.

You collected 103 gold pieces.

Inventory:

Hand weapons
 u - a +3 quarterstaff of chaos (weapon)
Armour
 a - a +0 robe (worn)
 b - a +0 hat (worn)
 f - a +1 cloak (worn)
 o - a +2 pair of gloves (worn)
Jewellery
 l - a +3 ring of protection (left hand)
Magical devices
 s - a wand of slowing (26)
Scrolls
 g - a scroll of remove curse {unknown}
 h - a scroll of immolation {unknown}
 j - a scroll of magic mapping {unknown}
 n - a scroll of enchant weapon {unknown}
Potions
 e - a potion of might {unknown}
 i - a potion of cure mutation {unknown}
 k - a potion of resistance {unknown}
 m - a potion of heal wounds {unknown}
 p - 2 potions of haste {unknown}
 q - a potion of degeneration {unknown}
 r - a potion of invisibility {unknown}
 t - 2 potions of brilliance {unknown}
 v - a potion of agility {unknown}
Books
 c - a book of Minor Magic

   Spells                             Type                      Level
   a - Magic Dart                     Conjuration                  1
   b - Blink                          Translocation                2
   c - Call Imp                       Summoning                    2
   d - Repel Missiles                 Charms/Air                   2
   e - Slow                           Hexes                        2
   f - Conjure Flame                  Conjuration/Fire             3
   g - Mephitic Cloud                 Conjuration/Poison/Air       3
Comestibles
 d - a bread ration


   Skills:
 - Level 3.2 Dodging
 - Level 3.0 Stealth
 + Level 5.2 Spellcasting
 * Level 2.7 Conjurations
 - Level 0.6 Hexes
 * Level 1.9 Charms
 * Level 2.3 Summonings
 + Level 1.3 Translocations


You had 2 spell levels left.
You knew the following spells:

 Your Spells              Type           Power        Failure   Level  Hunger
a - Magic Dart            Conj           ###.         2%          1    None
b - Blink                 Tloc           N/A          10%         2    None
c - Call Imp              Summ           ###.....     6%          2    None
d - Repel Missiles        Chrm/Air       ##....       12%         2    None
e - Slow                  Hex            #.......     12%         2    None
f - Mephitic Cloud        Conj/Pois/Air  ##......     21%         3    ##.....


Dungeon Overview and Level Annotations

Branches:
Dungeon (3/15)

Altars:
Sif Muna


Message History

Your crimson imp misses something.
Casting: Magic Dart
Confirm with . or Enter, or press ? or * to list all spells.
Aiming: Magic Dart
Press: ? - help, Shift-Dir - straight line, f/p - orc priest
Aim: an orc priest, wielding a flail and wearing a chain mail (almost dead)
The magic dart hits the orc priest.
The orc priest is almost dead.
The orc priest hits you but does no damage.
Your crimson imp blinks!
Something completely misses your crimson imp.
Your crimson imp hits something but does no damage.
The hound misses your crimson imp.
Your crimson imp blinks!
You hit something.
The orc priest looks braver for a moment.
The hound misses your crimson imp.
Your crimson imp blinks!
Something completely misses you. The orc priest hits you with a flail.
You die...

.##.# #.......##### .# .##
#######.....## ... ...#
#.....#
..#####.###.....####
#..........###.#.. #
#...>......# #.#.#
...###..#.#.#.#.###.#.##
#.[...§..........#...##
####)##.#.#.##@o..........
#.##.....##.###...##..#
#.#.###.####5# ##.## #
####.###.##.# #.# ..#
h.ho## ##...# #.# ###
.###§###(#### #5# ##.#.##
#5# ##.#########h#
#.5.h555{...#


You could see a hound, an orc priest and 3 friendly crimson imps.

Vanquished Creatures
  Terence (D:2)
  2 oozes
  3 worms (D:2)
  2 giant geckos (D:2)
  6 hobgoblins
  2 jackals (D:1)
  2 kobolds
  A quokka (D:2)
  6 bats
  2 giant cockroaches
  2 giant newts
  3 goblins
  10 rats
42 creatures vanquished.

Vanquished Creatures (collateral kills)
  Crazy Yiuf (D:2)
  Ijyb (D:2)
  Natasha (thrice) (D:2)
  2 worms (D:2)
  A goblin (D:2)
  4 jackals (D:2)
  A quokka (D:2)
  A kobold (D:2)
14 creatures vanquished.

Grand Total: 56 creatures vanquished

Notes
Turn   | Place    | Note
--------------------------------------------------------------
     0 | D:1      | Kelyas the Deep Elf Wizard began the quest for the Orb.
     0 | D:1      | Reached XP level 1. HP: 10/10 MP: 7/7
   356 | D:1      | Reached XP level 2. HP: 15/15 MP: 5/9
   366 | D:1      | Learned a level 2 spell: Blink
   371 | D:1      | Learned a level 2 spell: Call Imp
   374 | D:1      | Learned a level 2 spell: Repel Missiles
   377 | D:1      | Learned a level 2 spell: Slow
   911 | D:2      | Noticed Natasha
   916 | D:2      | Killed Natasha
   916 | D:2      | Reached XP level 3. HP: 19/19 MP: 1/11
  1020 | D:2      | Noticed Crazy Yiuf
  1212 | D:2      | Noticed Natasha
  1217 | D:2      | Killed Natasha
  1303 | D:2      | Reached skill level 5 in Spellcasting
  1454 | D:2      | Found a deep blue altar of Sif Muna.
  1457 | D:2      | Noticed Terence
  1457 | D:2      | Noticed Natasha
  1481 | D:2      | Killed Natasha
  1689 | D:2      | Killed Terence
  1689 | D:2      | Reached skill level 1 in Charms
  1689 | D:2      | Reached XP level 4. HP: 11/24 MP: 7/13
  1919 | D:2      | Learned a level 3 spell: Mephitic Cloud
  2118 | D:2      | Killed Crazy Yiuf
  2393 | D:2      | Noticed Ijyb
  2407 | D:2      | Killed Ijyb
  2710 | D:3      | Reached XP level 5. HP: 28/28 MP: 7/14
  2818 | D:3      | HP: 1/28 [orc priest/nerve-wracking pain (3)]
  2827 | D:3      | Slain by an orc priest

Vault maps used:
D:1:      dpeg_arrival_boxes_within_box, minmay_surrounded
D:2:      old_standard_altar, nrook_mini_backslash, uniq_terence, uniq_iyjb,
          uniq_natasha, uniq_crazy_yiuf_cottage
D:3:      nicolae_qazlal_eye_of_the_storm, first_bread, xom_teletrap_fun

Action                   |  1- 3 |  4- 6 || total
-------------------------+-------+-------++-------
Melee: Short sword       |    47 |    10 ||    57
       Quarterstaff      |       |     5 ||     5
 Cast: Magic Dart        |    65 |    45 ||   110
       Call Imp          |    18 |    23 ||    41
       Blink             |     2 |     1 ||     3
  Use: Scroll            |     1 |       ||     1
  Eat: Chunk             |     2 |     3 ||     5
       Bread ration      |       |     1 ||     1
